 Dungeon Crawl Stone Soup version 0.24.0-28-g17ded55e90 (webtiles) character file.

Game seed: 15166659228454298052, levelgen mode: deterministic

295 Descartes the Ruffian (level 6, -2/61 HPs)
             Began as a Troll Monk on Nov 12, 2019.
             Killed from afar by an orc (13 damage)
             ... with a bolt of acid
             ... on level 4 of the Dungeon.
             The game lasted 00:04:37 (2330 turns).

Descartes the Ruffian (Troll Monk)                  Turns: 2330, Time: 00:04:38

Health: -2/61      AC:  6    Str: 20    XL:     6   Next: 11%
Magic:  5/5        EV: 11    Int:  6    God:
Gold:   214        SH:  0    Dex: 14    Spells: 5/5 levels left

rFire    . . .     SeeInvis .     - Unarmed
rCold    . . .     Gourm    +   (no shield)
rNeg     . . .     Faith    .   a - +0 robe
rPois    .         Spirit   .   (helmet restricted)
rElec    .         Reflect  .   (no cloak)
rCorr    .         Harm     .   (gloves unavailable)
MR       .....                  (boots unavailable)
Stlth    ++........             (no amulet)
HPRegen  0.60/turn              (no ring)
MPRegen  0.09/turn              (no ring)

@: no status effects
A: large, unfitting armour, claws 3, fast metabolism 3, gourmand, regeneration
1, shaggy fur 1, tough skin 3
a: no special abilities


You were on level 4 of the Dungeon.
You were full.

You visited 1 branch of the dungeon, and saw 4 of its levels.

You collected 214 gold pieces.

Inventory:

Hand Weapons
 r - a +1 morningstar of draining
Missiles
 g - 24 bolts
 h - 148 stones (quivered)
 l - 80 sling bullets
 m - 8 boomerangs
 t - 12 arrows
Armour
 a - a +0 robe (worn)
Scrolls
 c - a scroll of teleportation {unknown}
 d - 5 scrolls of identify {unknown}
 e - a scroll of amnesia {unknown}
 i - 7 scrolls of fear {unknown}
 k - a scroll of enchant weapon {unknown}
 o - a scroll of fog {unknown}
 p - a scroll of blinking {unknown}
 s - a scroll of immolation
 u - a scroll of remove curse {unknown}
Potions
 f - a potion of curing {unknown}
 j - a potion of resistance {unknown}
 n - a potion of agility {unknown}
 q - 2 potions of flight {unknown}
 v - a potion of mutation {unknown}
Comestibles
 b - 8 rations


   Skills:
 + Level 3.5 Fighting
 + Level 3.4 Dodging
 - Level 1.0 Stealth
 * Level 5.3 Unarmed Combat


You had 5 spell levels left.
You didn't know any spells.
Your spell library contained the following spells:

 Spells                   Type           Power        Failure   Level  Hunger
 Corona                   Hex            #......      45%         1    ##.....
 Ensorcelled Hibernation  Hex/Ice        #.....       58%         2    ###....
 Confuse                  Hex            #.......     83%         3    ####...
 Dazzling Spray           Conj/Hex       #.....       83%         3    ####...
 Tukima's Dance           Hex            #.......     83%         3    ####...


Dungeon Overview and Level Annotations

Branches:
Dungeon (4/15)
 Temple: D:4-7

Altars:
Vehumet


Innate Abilities, Weirdness & Mutations

You are too large for most types of armour.
You have claws for hands.
Your metabolism is lightning-fast.
You like to eat raw meat.
Your natural rate of healing is unusually fast.
You are covered in fur. (AC +1)
You have extremely tough skin. (AC +3)


Message History

The orc closely misses you. x2
Things that are here:
a +2 flail of holy wrath; 15 stones; an orc corpse You closely miss the orc priest.
The orc priest barely misses you. The hound skeleton barely misses you.
You barely miss the orc priest. The hound skeleton misses you.
The orc hits you with a +0 morningstar!
* * * LOW HITPOINT WARNING * * *
The orc hits you with a +0 flail.
* * * LOW HITPOINT WARNING * * *
The orc priest barely misses you.
You claw the orc priest!
You kill the orc priest!
The hound skeleton barely misses you. The orc hits you with a +0 morningstar.
* * * LOW HITPOINT WARNING * * *
The orc closely misses you.
The hound skeleton bites you but does no damage.
The hound skeleton bites you but does no damage.
The orc zaps a wand.
The bolt of acid hits you!
You die...

.......## .........#
..)......# ##########.
........>. ..........
.........# #.........
.........# #.........
.........####Z........
........(....)@...%...
........#...oo........
#######.#.#######'####
#.#.# ## # #.#.# #..
#.#.# #.# #######
#.#.####.# #......
##.#....#.#..# #......
#.........#..# #......


You could see 2 orcs and a hound skeleton.

Vanquished Creatures
  The ghost of Brecoman the Caller, an amateur TeSu (D:3)
  A centaur skeleton (D:2)
  An orc priest (D:4)
  An orc wizard (D:3)
  An adder (D:3)
  5 worms (D:2)
  A dart slug (D:2)
  A leopard gecko (D:1)
  10 orcs
  A giant cockroach (D:3)
  13 goblins
  6 hobgoblins
  6 kobolds
  A quokka (D:3)
  5 bats
  6 frilled lizards
  4 rats (D:1)
64 creatures vanquished.

Notes
Turn   | Place    | Note
-------+----------+-------------------------------------------
     0 | D:1      | Descartes the Troll Monk began the quest for the Orb.
     0 | D:1      | Reached XP level 1. HP: 22/22 MP: 0/0
   224 | D:1      | Reached XP level 2. HP: 28/29 MP: 1/1
   990 | D:2      | Reached XP level 3. HP: 36/36 MP: 2/2
  1095 | D:2      | Reached skill level 4 in Unarmed Combat
  1095 | D:2      | Reached XP level 4. HP: 42/44 MP: 3/3
  1533 | D:3      | Reached XP level 5. HP: 53/53 MP: 4/4
  1693 | D:3      | Found a radiant altar of Vehumet.
  1815 | D:3      | Found a runed translucent door.
  1817 | D:3      | Noticed Brecoman's ghost (amateur TeSu)
  1975 | D:3      | Found a faded altar of an unknown god.
  2194 | D:3      | Killed Brecoman's ghost
  2194 | D:3      | Reached skill level 5 in Unarmed Combat
  2322 | D:4      | Reached XP level 6. HP: 18/61 MP: 5/5
  2330 | D:4      | Killed from afar by an orc

Levels and vault maps discovered:
D:1:      onia_arrival_pentagram, layout_loops_corners
D:2:      layout_rooms, first_ration, wander_ebering_terrifying_dragon_lair
D:3:      layout_basic, fiery_altar_vehumet, ebering_ghost_inner_flame,
          chequers_ecumenical_altar_simple_redux
D:4:      layout_basic, minmay_temple_entry_drinking_statues, solitary_fountain

Skill      XL: |  1  2  3  4  5 |
---------------+----------------+-----
Unarmed Combat | 4 5 |  5.3
Fighting       | 3 |  3.5
Dodging        | 3 |  3.4
Stealth        | |  1.0

Action                   |  1- 3 |  4- 6 || total
-------------------------+-------+-------++-------
Melee: Unarmed           |    88 |    85 ||   173
       Punch             |     1 |     4 ||     5
 Stab: Sleeping          |     1 |       ||     1
  Eat: Chunk             |    15 |     9 ||    24
Armor: Robe              |    30 |    33 ||    63
Dodge: Dodged            |    45 |    50 ||    95
